 Dungeon Crawl Stone Soup version 0.14-a0-1576-gf4c5cb9 (webtiles) character file.

558 HollowCharge the Slasher (level 6, -2/45 HPs)
             Began as a High Elf Skald on Dec 21, 2013.
             Slain by a worm (7 damage)
             ... on Level 4 of the Dungeon.
             The game lasted 00:31:16 (4015 turns).

HollowCharge the Slasher (High Elf Skald)           Turns: 4015, Time: 00:31:17

HP  -2/45        AC  5     Str 13      XL: 6   Next: 66%
MP   8/15        EV 12     Int 17      God:
Gold 128         SH  0     Dex 14      Spells:  4 memorised,  1 level left

rFire  . . .     SeeInvis .     f - +2 elf long sword (freeze)
rCold  + . .     Clarity  .     b - +0 elf leather armour
rNeg   . . .     Conserve .     (no shield)
rPois  .         rCorr    .     (no helmet)
rElec  .         rRot     .     (no cloak)
SustAb . .       Spirit   .     x - +0 pair of gloves
rMut   .         Warding  .     n - +0 pair of orc boots
Saprov . . .     Stasis   .     (no amulet)
                                j - ring of protection from cold
                                g - ring of wizardry

@: slightly resistant to hostile enchantments, unstealthy
A: no striking features
a: no special abilities


You were on level 4 of the Dungeon.
You were hungry.

You visited 1 branch of the dungeon, and saw 4 of its levels.

You collected 128 gold pieces.

Inventory:

Hand weapons
 a - a +0,+0 elven falchion
 f - a +2,+2 elven long sword of freezing (weapon)
Armour
 b - a +0 elven leather armour (worn)
 n - a +0 pair of orcish boots (worn)
 x - a +0 pair of gloves (worn)
Magical devices
 i - a wand of disintegration (11)
Comestibles
 d - 3 bread rations
 k - a pear
 l - a choko
 r - a chunk of rat flesh
 t - a meat ration
 u - a rotting chunk of giant newt flesh
 v - 3 chunks of giant frog flesh
Scrolls
 e - a scroll of teleportation
 h - a scroll of amnesia
 m - 2 scrolls of recharging
 p - a scroll of remove curse
Jewellery
 g - a ring of wizardry (left hand)
 j - a ring of protection from cold (right hand)
Potions
 o - a potion of invisibility {unknown}
 q - a potion of flight {unknown}
 s - a potion of curing
Books
 c - a book of Battle

   Spells                             Type                      Level
   *Infusion                          Charms                       1
   *Shroud of Golubria                Charms/Translocation         2
   *Song of Slaying                   Charms                       2
   Spectral Weapon                    Hexes/Charms                 3
   *Regeneration                      Charms/Necromancy            3


   Skills:
 * Level 5.0 Fighting
 * Level 5.6 Long Blades
 - Level 0.8 Armour
 + Level 3.2 Dodging
 - Level 2.4 Spellcasting
 - Level 3.6 Charms


You had one spell level left.
You knew the following spells:

 Your Spells              Type           Power        Failure   Level  Hunger
a - Infusion              Chrm           ##....       1%          1    #......
b - Song of Slaying       Chrm           ##......     3%          2    ##.....
c - Shroud of Golubria    Chrm/Tloc      #.........   7%          2    ##.....
d - Regeneration          Chrm/Necr      #.........   12%         3    ###....


Dungeon Overview and Level Annotations

Branches:
Dungeon (4/16)
 Temple: D:4-7

Altars:
Fedhas
the Shining One

Annotations:
D:4 lorenz's ghost, average TrSk


Message History

Lorenz's ghost hits you. The worm bites you. Lorenz's ghost barely misses you.
You hit lorenz's ghost. You freeze lorenz's ghost.
Lorenz's ghost is heavily damaged.
The worm barely misses you. Lorenz's ghost hits you.
You closely miss lorenz's ghost.
Lorenz's ghost is heavily damaged.
Lorenz's ghost hits you.
You hit lorenz's ghost. You freeze lorenz's ghost.
Lorenz's ghost is heavily damaged.
The worm barely misses you. Lorenz's ghost closely misses you.
You slash lorenz's ghost! You freeze lorenz's ghost.
Lorenz's ghost is almost destroyed.
Lorenz's ghost barely misses you. The worm bites you.
* * * LOW HITPOINT WARNING * * *
You hit lorenz's ghost. You freeze lorenz's ghost.
Lorenz's ghost is almost destroyed.
Lorenz's ghost hits you!
* * * LOW HITPOINT WARNING * * *
The worm bites you!
You die...

.# ##########...%..#.## .#
#.........# .# #......#..#
.########### #......#.>#
...........# #......#..########
......#....# #......#.........#
......#....# ########.........#
......#....############.........#
......%........p@...............#
#........(.....w................#
#.....#....######################
############


You could see a worm and lorenz's ghost.

Vanquished Creatures
  An ogre (D:4)
  A giant frog (D:4)
  A crimson imp (D:3)
  An orc priest (D:3)
  An orc wizard (D:4)
  Ijyb (D:2)
  8 adders
  A worm (D:2)
  A giant gecko (D:3)
  An ooze (D:4)
  10 orcs
  12 bats
  4 giant cockroaches
  9 goblins
  2 hobgoblins
  11 jackals
  6 kobolds
  4 quokkas
  2 ball pythons (D:1)
  7 giant newts
  2 gnoll skeletons (D:4)
  An orc skeleton (D:4)
  7 rats
94 creatures vanquished.

Notes
Turn   | Place    | Note
--------------------------------------------------------------
     0 | D:1      | HollowCharge, the High Elf Skald, began the quest for the Orb.
     0 | D:1      | Reached XP level 1. HP: 14/14 MP: 4/4
   599 | D:1      | Reached XP level 2. HP: 20/20 MP: 6/6
   690 | D:2      | Learned a level 2 spell: Song of Slaying
   693 | D:2      | Learned a level 2 spell: Shroud of Golubria
   978 | D:2      | Reached XP level 3. HP: 17/25 MP: 2/8
  1273 | D:2      | Reached XP level 4. HP: 11/31 MP: 6/11
  1568 | D:2      | Noticed Ijyb
  1575 | D:2      | Killed Ijyb
  1575 | D:2      | Reached skill level 4 in Long Blades
  1705 | D:2      | Found a glowing golden altar of the Shining One.
  1844 | D:2      | HP: 1/31 [orc (1)]
  2353 | D:3      | Reached XP level 5. HP: 32/36 MP: 12/12
  2576 | D:3      | Found a blossoming altar of Fedhas.
  3065 | D:4      | Learned a level 3 spell: Regeneration
  3076 | D:4      | Reached skill level 5 in Long Blades
  3247 | D:4      | Reached XP level 6. HP: 40/44 MP: 3/15
  3328 | D:4      | Noticed lorenz's ghost (average TrSk)
  3578 | D:4      | Noticed an ogre
  3583 | D:4      | Killed an ogre
  3883 | D:4      | Reached skill level 5 in Fighting
  4015 | D:4      | Slain by a worm

Action                   |  1- 3 |  4- 6 || total
-------------------------+-------+-------++-------
Melee: Falchion          |    22 |       ||    22
       Long sword        |    57 |   170 ||   227
 Cast: Infusion          |     4 |    19 ||    23
       Shroud of Golubri |       |     1 ||     1
       Song of Slaying   |       |     2 ||     2
       Regeneration      |       |     1 ||     1
Evoke: Wand              |       |     1 ||     1
  Use: Scroll            |     3 |     7 ||    10
       Potion            |     3 |     1 ||     4
